 Dungeon Crawl Stone Soup version 0.22.1-1-ga44c0e5 (webtiles) character file.

221 magicm the Shooter (level 6, -7/47 HPs)
             Began as a Human Hunter on Nov 11, 2018.
             Was an Initiate of Qazlal.
             Mangled by Sigmund
             ... wielding a +0 scythe
              (11 damage)
             ... on level 2 of the Dungeon.
             The game lasted 00:11:49 (2564 turns).

magicm the Shooter (Human Hunter)                   Turns: 2564, Time: 00:11:50

Health: -7/47      AC:  4    Str: 13    XL:     6   Next: 18%
Magic:  6/6        EV: 12    Int: 12    God:    Qazlal [......]
Gold:   158        SH:  0    Dex: 14    Spells: 5/5 levels left

rFire    . . .     SeeInvis .   a - +1 shortbow
rCold    . . .     Gourm    .   (shield currently unavailable)
rNeg     . . .     Faith    .   c - +0 leather armour
rPois    .         Spirit   .   (no helmet)
rElec    .         Reflect  .   (no cloak)
rCorr    .         Harm     .   k - +0 pair of gloves (curse)
MR       .....                  (no boots)
Stlth    +.........             (no amulet)
HPRegen  0.15/turn              (no ring)
MPRegen  0.10/turn              (no ring)

@: very slightly contaminated, invisible
A: no striking features
a: Renounce Religion


You were on level 2 of the Dungeon.
You worshipped Qazlal.
Qazlal was noncommittal.
You were not hungry.

You visited 1 branch of the dungeon, and saw 4 of its levels.

You collected 158 gold pieces.

Inventory:

Hand Weapons
 a - a +1 shortbow (weapon)
 b - a +0 short sword
Missiles
 d - 31 arrows (quivered)
Armour
 c - a +0 leather armour (worn)
 k - a cursed +0 pair of gloves (worn)
Wands
 n - a wand of digging (10)
Scrolls
 l - a scroll of amnesia
 m - a scroll of fear
Potions
 e - a potion of lignification {unknown}
 g - a potion of flight
 i - a potion of cancellation {unknown}
 j - a potion of mutation {unknown}
Comestibles
 f - 6 rations


   Skills:
 + Level 3.0 Fighting
 + Level 0.8 Short Blades
 + Level 5.8 Bows
 + Level 1.9 Armour
 + Level 2.5 Dodging
 + Level 1.0 Stealth


You had 5 spell levels left.
You didn't know any spells.
Your spell library was empty.

Dungeon Overview and Level Annotations

Branches:
Dungeon (4/15)
 Temple: D:4-7

Altars:
Kikubaaqudgha
Qazlal

Annotations:
D:2 Sigmund


Message History

Aim: Crazy Yiuf, wielding a quarterstaff of chaos and wearing a cloak (severely You shoot an arrow.
The arrow hits Crazy Yiuf.
You kill Crazy Yiuf!
Qazlal accepts your kill.
Your Fighting skill increases to level 3!
Firing (i - inventory)
d - 32 arrows (quivered)
Press: ? - help, Shift-Dir - straight line, f - you Really target yourself?
Okay, then.
Firing (i - inventory)
d - 32 arrows (quivered)
Press: ? - help, Shift-Dir - straight line You shoot an arrow.
Something hits you!
You fade into invisibility!
Something hits you!
* * * LOW HITPOINT WARNING * * *
You are very lightly contaminated with residual magic.
Something hits you.
* * * LOW HITPOINT WARNING * * *
Something hits you!
You die...

##.# #.# #.......#.........(.
##.#######.###....##....##.######
#.................##.#.##.# #
#.#######............#.##.# # #.#
##############.##.# # #.#
#.#..###### #.# #..#.....## #.#
### ###### #.#..##..## #.#
#).)### ##@...###.#..#.#... ##.#
#((.).####......##.....###.. ...#
#.))##..#.......####....#... ####
### ###.#......####...#.#>.
#######.........###..
#######......#. ###########
#...##.#. #.#..#....# #...##.#.
#.##...##.###...##...


There were no monsters in sight!

Vanquished Creatures
  2 water moccasin skeletons (D:3)
  Crazy Yiuf (D:2)
  3 adders
  An ooze (D:2)
  3 leopard geckos
  8 bats
  4 giant cockroaches
  5 goblins
  8 hobgoblins
  8 jackals
  4 kobolds
  A quokka (D:3)
  A ball python (D:2)
  3 frilled lizards
  4 rats
56 creatures vanquished.

Notes
Turn   | Place    | Note
-------+----------+-------------------------------------------
     0 | D:1      | magicm the Human Hunter began the quest for the Orb.
     0 | D:1      | Reached XP level 1. HP: 16/16 MP: 1/1
   204 | D:1      | Reached XP level 2. HP: 21/23 MP: 2/2
   567 | D:1      | Reached XP level 3. HP: 28/28 MP: 3/3
  1102 | D:2      | Reached skill level 5 in Bows
  1145 | D:2      | You fall through a shaft for 2 floors!
  1229 | D:3      | Reached XP level 4. HP: 34/34 MP: 4/4
  1318 | D:3      | Reached skill level 1 in Armour
  1318 | D:3      | Reached XP level 5. HP: 24/39 MP: 5/5
  1425 | D:3      | Found a stormy altar of Qazlal.
  1430 | D:3      | Became a worshipper of Qazlal Stormbringer
  1692 | D:3      | Found an ancient bone altar of Kikubaaqudgha.
  2140 | D:2      | Found a runed door.
  2311 | D:2      | Reached XP level 6. HP: 46/46 MP: 6/6
  2548 | D:2      | Noticed Crazy Yiuf
  2548 | D:2      | Noticed Sigmund
  2553 | D:2      | Killed Crazy Yiuf
  2564 | D:2      | Mangled by Sigmund

Skill      XL: |  1  2  3  4  5  6 |
---------------+-------------------+-----
Bows           | 5 |  5.8
Armour         | 1 |  1.9
Fighting       | 3 |  3.0
Short Blades   | |  0.8
Dodging        | |  2.5
Stealth        | |  1.0

Action                   |  1- 3 |  4- 6 || total
-------------------------+-------+-------++-------
Melee: Short sword       |       |    44 ||    44
 Fire: Shortbow          |    83 |    81 ||   164
  Use: Scroll            |     2 |     5 ||     7
       Potion            |       |     4 ||     4
  Eat: Ration            |     1 |     1 ||     2
Armor: Leather armour    |     6 |    71 ||    77
Dodge: Dodged            |    21 |   116 ||   137
